 Dungeon Crawl Stone Soup version 0.30.0-5-g1a98f26d00 (webtiles) character file.

Game seed: 3906586182119464356

19 sampeng1 the Chiller (level 2, -3/19 HPs)
             Began as a Human Ice Elementalist on May 11, 2023.
             Was a Believer of Jiyva.
             Engulfed by a cloud of poison gas (5 damage)
             ... on level 2 of the Dungeon.
             The game lasted 00:04:25 (1061 turns).

sampeng1 the Chiller (Human Ice Elementalist)       Turns: 1061, Time: 00:04:26

Health: -3/19      AC:  2    Str:  8    XL:     2   Next: 95%
Magic:  14/14      EV: 12    Int: 15    God:    Jiyva [**....]
Gold:   41         SH:  0    Dex: 13    Spells: 4/5 levels left

rFire   . . .        h - +0 short sword
rCold   . . .        (no shield)
rNeg    . . .        a - +0 robe
rPois   .            (no helmet)
rElec   .            (no cloak)
rCorr   +            (no gloves)
SInv    .            (no boots)
Will    .....        (no amulet)
Stlth   ++           e - ring of magical power
HPRegen 1.19/turn    (no ring)
MPRegen 0.44/turn

%: no passive effects
@: lethally poisoned (-3 -> -17)
A: no striking features
a: Renounce Religion


You were on level 2 of the Dungeon.
You worshipped Jiyva.
Jiyva was pleased with you.
You visited 1 branch of the dungeon, and saw 2 of its levels.

You collected 41 gold pieces.

Inventory:

Hand Weapons
 h - a +0 short sword (weapon)
 j - a +0 sling
Missiles
 i - a stone
Armour
 a - a +0 robe (worn)
Magical Staves
 g - a staff of air
Jewellery
 e - a ring of magical power (left hand)
Potions
 b - a potion of magic
 f - a potion of curing


   Skills:
 + Level 2.3 Dodging
 + Level 2.3 Stealth
 + Level 2.2 Spellcasting
 + Level 4.2 Ice Magic


You had 4 spell levels left.
You knew the following spells:

 Your Spells              Type           Power      Damage    Failure   Level
a - Freeze                Ice            56%        1d7       3%          1

Your spell library contained the following spells:

 Spells                   Type           Power      Damage    Failure   Level
 Frozen Ramparts          Ice            28%        1d5       12%         3
 Ozocubu's Armour         Ice            14%        N/A       12%         3
 Summon Ice Beast         Ice/Summ       8%         N/A       65%         4


Dungeon Overview and Level Annotations

Branches:
Dungeon (2/15)

Altars:
Jiyva


Message History

A bat is nearby!
A bat is nearby!
A bat is nearby!
A bat is nearby!
A bat is nearby!
A bat is nearby!
A bat is nearby!
A bat is nearby!
A bat is nearby!
A bat is nearby!
A bat is nearby!
A bat is nearby!
A bat is nearby!
A bat is nearby!
A bat is nearby!
A bat is nearby!
A bat is nearby!
A bat is nearby!
A bat is nearby!
A bat is nearby!
A bat is nearby!
A bat is nearby!
A bat is nearby!
A bat is nearby!
A bat is nearby!
A bat is nearby!
Really walk into that cloud of poison gas? [Y]es or [N]o only, please.
Really walk into that cloud of poison gas? [Y]es or [N]o only, please.
Really walk into that cloud of poison gas?
Uppercase [Y]es or [N]o only, please.
Really walk into that cloud of poison gas?
You are engulfed in poison gas.
You are poisoned.
* * * LOW HITPOINT WARNING * * *
x2 You feel very sick.
You are engulfed in poison gas.
You are more poisoned.
You die...

######## ..
#§§§§§§#
.b§§###§§§§§§######
.§§§§§§.§§§§§§§....
....###§§§§§§######
.. #§§@§§§#
#§§§§§§# #§§§§§§#
#§§§§§§# #§§§§§§#
#§§§§§§# #......#
#......# #......#


There were no monsters in sight!

Vanquished Creatures
  A dart slug (D:1)
  3 bats
  An endoplasm (D:1)
  A giant cockroach (D:1)
  4 hobgoblins
  2 quokkas (D:1)
  A kobold (D:1)
  2 rats (D:1)
15 creatures vanquished.

Notes
Turn   | Place    | Note
-------+----------+-------------------------------------------
     0 | D:1      | sampeng1 the Human Ice Elementalist began the quest for the
                  | Orb.
     0 | D:1      | Reached XP level 1. HP: 13/13 MP: 3/3
   170 | D:1      | Reached XP level 2. HP: 12/19 MP: 1/5
   481 | D:1      | Found a faded altar of an unknown god.
   501 | D:1      | Prayed at the altar of an unknown god.
   501 | D:1      | Became a worshipper of Jiyva Jivir the Shapeless
   501 | D:1      | Reached * piety under Jiyva
  1030 | D:2      | Reached ** piety under Jiyva
  1061 | D:2      | Engulfed by a cloud of poison gas

Illustrated notes

Levels and vault maps discovered:
D:1:      matt_arrival_refuge, layout_basic, dreamdust_ecumenical_altar_statues,
          nicolae_concentric_dashed_squares_mild
D:2:      layout_basic, serial_shops, nicolae_shop_pleasant_corner_grove,
          uniq_jessica

Action                     || total
---------------------------++-------
  Melee: Unarmed           ||    29
         Short sword       ||    22
         Hand axe          ||     6
   Cast: Freeze            ||    14
    Use: Scroll            ||     3
   Stab: Sleeping          ||     1
 Armour: Robe              ||     8
  Dodge: Dodged            ||    44
